 Dungeon Crawl Stone Soup version 0.31-a0-1338-gb567cfdca4 (webtiles) character file.

Game seed: 311237011966669637

1589 AlmostDecent the Cleaver (level 8, -2/61 HPs)
             Began as a Demonspawn Berserker on Dec 23, 2023.
             Was a Priest of Trog.
             Incinerated by a bombardier beetle (5 damage)
             ... with a burning spray
             ... on level 5 of the Dungeon.
             The game lasted 00:13:41 (2884 turns).

AlmostDecent the Cleaver (Demonspawn Berserker)     Turns: 2884, Time: 00:13:41

Health: -2/61      AC: 16    Str: 20    XL:     8   Next: 61%
Magic:  8/8        EV:  9    Int:  7    God:    Trog [***...]
Gold:   184        SH:  0    Dex: 13    Spells: 7/7 levels left

rFire   . . .        e - +3 hand axe
rCold   . . .        (no shield)
rNeg    . . .        c - +0 chain mail
rPois   .            o - +2 helmet
rElec   .            (no cloak)
rCorr   .            d - +0 pair of gloves
SInv    .            l - +0 pair of boots
Will    +....        (no amulet) Stlth
                     (no ring)
HPRegen 0.30/turn    (no ring)
MPRegen 0.11/turn

%: no passive effects
@: on fire, enlightened, flying, glowing
A: thin metallic scales 1, foul stench 2, spiny 1
a: Renounce Religion, Berserk, Trog's Hand


You were on level 5 of the Dungeon.
You worshipped Trog.
Trog was most pleased with you.
You visited 1 branch of the dungeon, and saw 5 of its levels.

You collected 184 gold pieces.

Inventory:

Hand Weapons
 a - a +0 hand axe
 e - a +3 hand axe (weapon)
 p - the +0 quarterstaff "Liri" {vamp, Int+5}
   (You found it on level 4 of the Dungeon)

   Int+5:     It affects your intelligence (+5).
Armour
 c - a +0 chain mail (worn)
 d - a +0 pair of gloves (worn)
 l - a +0 pair of boots (worn)
 m - a +0 pair of gloves
 o - a +2 helmet (worn)
 v - a +0 leather armour of poison resistance
Talismans
 j - a maw talisman
Wands
 b - a wand of mindburst (17)
 u - a wand of roots (4)
Scrolls
 f - 2 scrolls of fear {unknown}
 g - a scroll of blinking {unknown}
 k - a scroll of identify
 n - a scroll of silence {unknown}
 q - a scroll of vulnerability {unknown}
 r - a scroll of fog {unknown}
 s - a scroll of enchant weapon {unknown}
 w - a scroll of butterflies {unknown}
Potions
 h - a potion of enlightenment
 i - a potion of curing {unknown}
 t - a potion of heal wounds {unknown}


   Skills:
 + Level 4.7 Fighting
 * Level 8.9 Axes
 + Level 3.8 Armour
 + Level 2.6 Dodging
 + Level 0.7 Stealth


You had 7 spell levels left.
You didn't know any spells.
Your spell library contained the following spells:

 Spells                   Type           Power      Damage    Failure   Level
 Magic Dart               Conj           0%         1d3       98%         1
 Blink                    Tloc           0%         N/A       99%         2
 Call Imp                 Summ           0%         N/A       99%         2


Dungeon Overview and Level Annotations

Branches:
Dungeon (5/15)             Temple (0/1) D:4

Altars:
Ashenzari
Hepliaklqana
Vehumet

Annotations:
D:2 Robin


Innate Abilities, Weirdness & Mutations

You are partially covered in thin metallic scales. (AC +2)
You sometimes emit foul miasma when damaged in melee.
You are partially covered in sharp spines.


Message History

The liquid fire burns you!
You see here an iguana corpse.
You hit the bombardier beetle.
The bombardier beetle is lightly wounded.
The liquid fire burns you!
The bombardier beetle sprays incendiary fluid at you.
The burning spray hits you.
You are even more covered in liquid fire!
You hit the bombardier beetle.
The bombardier beetle is heavily wounded.
The liquid fire burns you!
You hit the bombardier beetle.
The bombardier beetle is severely wounded.
The liquid fire burns you!
* * * LOW HITPOINT WARNING * * *
The bombardier beetle is struck by your spines.
The bombardier beetle bites you but does no damage.
You hit the bombardier beetle.
The bombardier beetle is almost dead.
The liquid fire burns you!
* * * LOW HITPOINT WARNING * * *
You hit the bombardier beetle.
You kill the bombardier beetle!
Trog accepts your kill. The liquid fire burns you!
* * * LOW HITPOINT WARNING * * *
You are on fire!
You shake off some of the fire as you move.
The liquid fire burns you!
* * * LOW HITPOINT WARNING * * *
There is a large open door here.
You see here an iguana corpse.
You shake off some of the fire as you move.
The liquid fire burns you!
* * * LOW HITPOINT WARNING * * *
It was a potion of enlightenment.
You feel very buoyant.
You fly up into the air.
The liquid fire burns you!
You die...

#.....#####....##
##...............##
##.................##
##....................
###..................#..
.....................##.
.......†.............###
..####'†####............
#....@...####.........
#.##..##.####........# #
#8..8 #....#####..#
...)... #....# ##..
#...?....#....# #..
#.#8.)8#.#...## ##..
#.##..##.#...# #..# #
.... #...## ##..#
#####...####))..


There were no monsters in sight!

Vanquished Creatures
  Grinder (D:3)
  Sigmund (D:2)
  Eustachio (D:5)
  Edmund (D:5)
  A black bear (D:5)
  An ogre (D:5)
  A phantom (D:4)
  Blork the orc (D:5)
  A scorpion (D:4)
  A jelly (D:5)
  An orc priest (D:3)
  2 hounds
  A sleepcap (D:4)
  Ijyb (D:3)
  3 iguanas
  Natasha (thrice) (D:3)
  An orc wizard (D:3)
  5 adders
  9 gnolls
  2 bombardier beetles
  An ufetubus (D:5)
  2 worms
  2 dart slugs
  8 orcs (D:3)
  7 endoplasms
  A giant cockroach (D:2)
  6 hobgoblins
  8 jackals
  7 kobolds
  2 quokkas (D:4)
  6 ball pythons
  2 bats
  4 frilled lizards
  7 goblins
  4 rats
105 creatures vanquished.

Notes
Turn   | Place    | Note
-------+----------+-------------------------------------------
     0 | D:1      | AlmostDecent the Demonspawn Berserker began the quest for
                  | the Orb.
     0 | D:1      | Reached XP level 1. HP: 18/18 MP: 1/1
   310 | D:1      | Reached skill level 3 in Axes
   310 | D:1      | Gained mutation: You are partially covered in sharp spines.
                  | [demonic ancestry]
   310 | D:1      | Reached XP level 2. HP: 22/24 MP: 2/2
   346 | D:1      | Found a faded altar of an unknown god.
   779 | D:2      | Found a hazy altar of Hepliaklqana.
   790 | D:2      | Reached XP level 3. HP: 29/29 MP: 3/3
   861 | D:2      | Reached ** piety under Trog
   914 | D:2      | Noticed Sigmund
   928 | D:2      | Killed Sigmund
   929 | D:2      | Reached skill level 4 in Axes
   929 | D:2      | Reached XP level 4. HP: 37/37 MP: 4/4
   929 | D:2      | Reached XP level 5. HP: 42/42 MP: 5/5
   931 | D:2      | Noticed Robin
   994 | D:3      | Noticed Ijyb
  1001 | D:3      | Killed Ijyb
  1002 | D:3      | Reached skill level 5 in Axes
  1114 | D:3      | Gained mutation: You may rarely emit foul miasma when
                  | damaged in melee. [demonic ancestry]
  1114 | D:3      | Reached XP level 6. HP: 42/48 MP: 6/6
  1410 | D:3      | Identified the +9 dagger of the Establishment {holy, rElec
                  | rC+ Str+8 Dex-4}
  1594 | D:3      | Noticed Grinder
  1618 | D:3      | Killed Grinder
  1619 | D:3      | Reached skill level 6 in Axes
  1619 | D:3      | Gained mutation: You sometimes emit foul miasma when
                  | damaged in melee. [demonic ancestry]
  1619 | D:3      | Reached XP level 7. HP: 54/54 MP: 7/7
  1620 | D:3      | Noticed Natasha
  1630 | D:3      | Killed Natasha
  1659 | D:3      | Noticed Natasha
  1668 | D:3      | Killed Natasha
  1697 | D:3      | Found a radiant altar of Vehumet.
  1992 | D:3      | Noticed Natasha
  1996 | D:3      | Killed Natasha
  2133 | D:4      | Found a staircase to the Ecumenical Temple.
  2156 | D:4      | Reached *** piety under Trog
  2171 | D:4      | Identified the +0 quarterstaff "Liri" {vamp, Int+5}
  2218 | D:4      | Reached skill level 7 in Axes
  2544 | D:5      | Entered Level 5 of the Dungeon
  2564 | D:5      | Gained mutation: You are partially covered in thin metallic
                  | scales. (AC +2) [demonic ancestry]
  2564 | D:5      | Reached XP level 8. HP: 58/61 MP: 8/8
  2660 | D:5      | Noticed Blork the orc
  2665 | D:5      | Found a broken altar of Ashenzari.
  2669 | D:5      | Killed Blork the orc
  2725 | D:5      | Reached skill level 8 in Axes
  2803 | D:5      | Noticed Eustachio
  2804 | D:5      | Noticed Edmund
  2820 | D:5      | Killed Edmund
  2824 | D:5      | Killed Eustachio
  2883 | D:5      | HP: 3/61 [burnt (4)]
  2884 | D:5      | Incinerated by a bombardier beetle

Illustrated notes

Levels and vault maps discovered:
D:1:      mushboom_english_gardens, layout_loops_ring,
          hellmonk_ecumenical_altar_crossroads, chequers_garden
D:2:      layout_basic, basic_altar, uniq_robin, uniq_sigmund
D:3:      layout_loops_cross, mainiacjoe_overflow_brackets, uniq_grinder,
          uniq_natasha, uniq_ijyb
D:4:      layout_rooms, minmay_temple_entry_gardened_gates,
          kennysheep_generic_room_8
D:5:      layout_layer_cave, mainiacjoe_overflow_alcove_1,
          kennysheep_generic_room_5, uniq_eustachio, uniq_edmund,
          uniq_blork_the_orc

Skill      XL: |  1  2  3  4  5  6  7  8 |
---------------+-------------------------+-----
Axes           | 3 4 5 6 7 8 |  8.9
Dodging        | 2 |  2.6
Armour         | 2 3 |  3.8
Fighting       | 4 |  4.7
Stealth        | |  0.7

Action                     |  1- 3 |  4- 6 |  7- 9 || total
---------------------------+-------+-------+-------++-------
  Melee: Hand axe          |    55 |    56 |   134 ||   245
         Punch             |     1 |       |     1 ||     2
 Invoke: Berserk           |     1 |     4 |     4 ||     9
         Trog's Hand       |       |     1 |     1 ||     2
    Use: Potion            |     1 |       |     1 ||     2
         Scroll            |       |     2 |       ||     2
 Armour: Animal skin       |     9 |       |       ||     9
         Ring mail         |    10 |    14 |       ||    24
         Leather armour    |     2 |       |       ||     2
         Chain mail        |       |    25 |    88 ||   113
  Dodge: Dodged            |    36 |    17 |    55 ||   108

Table legend: (Time is in decaauts)
 A = Elapsed time spent in this place.
 B = Non-inter-level travel time spent in this place.
 C = Inter-level travel time spent in this place.
 D = Time resting spent in this place.
 E = Time spent auto-exploring this place.
 F = Levels seen in this place.
 G = Mean time per level.
                   A        B        C        D        E       F      G
               +--------+--------+--------+--------+--------+-----+--------+
         Total |   2962 |   2846 |    116 |     14 |   2091 |   5 |  592.4 |
       Dungeon |   2962 |   2846 |    116 |     14 |   2091 |   5 |  592.4 |
               +--------+--------+--------+--------+--------+-----+--------+

Top non-repeatable levels by time:
     D:3: 1190 daAuts
     D:1: 777 daAuts
     D:4: 460 daAuts
     D:5: 363 daAuts
     D:2: 169 daAuts
